 Dungeon Crawl Stone Soup version 0.30-a0-879-ga8ba668304 (webtiles) character file.

Game seed: 10522419848088152843

88475 jasper the Severer (level 15, -12/124 HPs)
             Began as a Demonspawn Gladiator on Mar 14, 2023.
             Was a High Priest of Trog.
             Mangled by a juggernaut simulacrum (52 damage)
             ... on level 2 of the Abyss.
             The game lasted 00:45:48 (26510 turns).

jasper the Severer (Demonspawn Gladiator)          Turns: 26510, Time: 00:45:49

Health: -12/124    AC: 37    Str: 24    XL:     15   Next: 46%
Magic:  0/15       EV: 13    Int:  6    God:    Trog [*****.]
Gold:   1429       SH:  0    Dex: 15    Spells: 14/14 levels left

rFire   + + +      SeeInvis .    O - +1 battleaxe of Tender Mercy {heavy, rElec rF+++ Int-4}
rCold   . . .      Faith    .    (shield currently unavailable)
rNeg    . . .      Spirit   +    s - +4 plate armour {rF+}
rPois   +          Reflect  .    J - +2 helmet
rElec   +          Rampage  .    o - +0 cloak
rCorr   .                        H - +2 pair of gloves {Str+3}
Will    +....                    (no boots) Stlth
                                 (no amulet)
HPRegen 0.40/turn                c - +5 ring of evasion
MPRegen 0.28/turn                L - ring of poison resistance

@: sanguine armoured
A: foul stench 2, magic shield, magic regeneration, sanguine armour 2, demonic
touch 2
a: Renounce Religion, Berserk, Trog's Hand, Brothers in Arms


You were on level 2 of the Abyss.
You worshipped Trog.
Trog was extremely pleased with you.
You visited 4 branches of the dungeon, and saw 22 of its levels.
You visited the Abyss 1 time.
You also visited: Sewer.

You collected 2265 gold pieces.
You spent 836 gold pieces at shops.

Inventory:

Hand Weapons
 x - a +2 war axe of flaming
 O - the +1 battleaxe of Tender Mercy (weapon) {heavy, rElec rF+++ Int-4}
   (Trog gifted it to you on level 2 of the Orcish Mines)

   Int:       It affects your intelligence (-4).
   rF:        It renders you almost immune to fire.
   rElec:     It insulates you from electricity.
 W - a +3 battleaxe
 Z - a +4 antimagic spear
Missiles
 d - 4 throwing nets
 e - a javelin
 u - 276 stones
 v - 55 poisoned darts (quivered)
 y - a curare-tipped dart
 C - 3 silver boomerangs
 F - 12 boomerangs
Armour
 o - a +0 cloak (worn)
 s - a +4 plate armour of fire resistance (worn)
 H - a +2 pair of gloves of strength (worn)
 I - a +0 plate armour
 J - a +2 helmet (worn)
Jewellery
 c - a +5 ring of evasion (left hand)
 i - a ring of willpower
 D - a ring of protection from fire
 L - a ring of poison resistance (right hand)
 M - a ring of flight
Wands
 m - a wand of flame (7)
 n - a wand of paralysis (19)
 z - a wand of digging (8)
 K - a wand of mindburst (3)
 P - a wand of quicksilver (8)
 X - a wand of polymorph (10)
Scrolls
 f - 8 scrolls of identify
 g - 2 scrolls of enchant armour
 j - a scroll of blinking
 p - 2 scrolls of silence
 A - 7 scrolls of teleportation
 B - 5 scrolls of magic mapping
 E - 5 scrolls of brand weapon
 G - 4 scrolls of immolation
 N - 6 scrolls of fog
 U - 3 scrolls of enchant weapon
Potions
 b - a potion of mutation
 h - 2 potions of curing
 k - 8 potions of flight
 l - 2 potions of cancellation
 q - 6 potions of lignification
 r - 3 potions of brilliance
 t - a potion of heal wounds
 w - 5 potions of resistance
 Q - 7 potions of ambrosia
 R - a potion of magic
 S - a potion of haste
 T - 3 potions of might
 V - 3 potions of attraction
Miscellaneous
 Y - a phial of floods


   Skills:
 + Level 13.3 Fighting
 * Level 18.7 Axes
 - Level 1.7 Throwing
 + Level 12.1 Armour
 - Level 2.6 Dodging
 - Level 6.0 Evocations


You had 14 spell levels left.
You didn't know any spells.
Your spell library contained the following spells:

 Spells                   Type           Power      Damage    Failure   Level
 Ensorcelled Hibernation  Hex/Ice        0%         N/A       100%        2
 Static Discharge         Conj/Air       0%         2-2/arc   100%        2
 Spider Form              Tmut/Pois      0%         N/A       100%        3
 Vhi's Electric Charge    Tloc/Air       0%         N/A       100%        3
 Anguish                  Hex/Necr       0%         N/A       100%        4
 Arcjolt                  Conj/Air       0%         1d10      100%        5
 Lightning Bolt           Conj/Air       0%         1d11      100%        5
 Enfeeble                 Hex            0%         N/A       100%        7


Dungeon Overview and Level Annotations

Branches:
Dungeon (14/15)            Temple (1/1) D:4            Lair (5/5) D:8
  Swamp (0/4) Lair:2        Snake (0/4) Lair:3        Slime (0/5) Lair:4
    Orc (2/2) D:9             Elf (0/3) Orc:2        Vaults (0/5) D:13
  Sewer (visited)

Altars:
Ashenzari
Cheibriados
Dithmenos
Fedhas
Gozag
Hepliaklqana
Kikubaaqudgha
Makhleb
Nemelex Xobeh
Okawaru
Qazlal
Ru
Sif Muna
Trog
Uskayaw
Vehumet
Wu Jian
Xom
Yredelemnul
Jiyva
Lugonu

Shops:
Orc:2 [[(?

Portals:
Abyss: Lair:5

Annotations:
Lair:3 2 transporters, Juicyj's ghost, journeyman MiFi


Innate Abilities, Weirdness & Mutations

You sometimes emit foul miasma when damaged in melee.
When hurt, damage is shared between your health and your magic reserves.
You regenerate magic rapidly.
When seriously injured, your blood forms thick armour. (AC +9)
Your touch may inflict irresistible damage on your foes.


Message History

You take 1 damage, and have 123/124 hp.
You are covered in liquid flames!
The smoke demon gestures at you. Something smites you!
You take 12 damage, and have 111/124 hp.
You now have 14/15 mp.
You are covered in liquid flames!
The smoke demon hits you but does no damage. x3
You are covered in liquid flames!
A juggernaut simulacrum comes into view.
The smoke demon barely misses you. The smoke demon misses you.
The smoke demon hits you but does no damage.
You take 1 damage, and have 110/124 hp.
You are covered in liquid flames!
The smoke demon gestures at you.
The sticky flame hits you but does no damage.
You are covered in liquid flames!
MP restored: 15 You are covered in liquid flames!
The smoke demon closely misses you.
The smoke demon hits you but does no damage. x2
You open the smoke demon like a pillowcase!!!
You kill the smoke demon!
Trog accepts your kill.
You are covered in liquid flames!
You are no longer on fire.
You take 1 damage, and have 109/124 hp.
You hit the juggernaut simulacrum but do no damage.
The juggernaut simulacrum hits you!!!
Your blood congeals into armour.
The juggernaut simulacrum freezes you!!
The juggernaut simulacrum hits you but does no damage.
You take 62 damage, and have 47/124 hp.
MASSIVE DAMAGE!!
You now have 6/15 mp.
You hit the juggernaut simulacrum but do no damage.
You slice the juggernaut simulacrum!!
The juggernaut simulacrum is moderately damaged.
You slice the juggernaut simulacrum!!
The juggernaut simulacrum is severely damaged.
The juggernaut simulacrum hits you!
The juggernaut simulacrum freezes you!!!
You die...

### ####
#.####.##
....
#@Z...... ..
#.####.##
#..#.#..#
#.#.#.. ##
#...#.# .# #
#.##. .# ##
#.#..#.#.###
# #.. # #..
..........#
#.. #. # .#


You could see a juggernaut simulacrum.

Vanquished Creatures
  An Executioner (Abyss:2)
  A tentacled starspawn (Abyss:2)
  An ettin (Orc:2)
  Harold (D:10)
  The ghost of Lobster4 the Skirmisher, a journeyman MiHu of Hepliaklqana (D:8)
  4 hydras
  2 boulder beetles
  Erica (Lair:2)
  2 catoblepae (Lair:3)
  4 two-headed ogres
  A death knight (D:14)
  A tengu warrior (D:13)
  4 hell hogs (Abyss:2)
  3 orc high priests (Orc:2)
  10 death yaks
  The ghost of domi the Destroyer, a novice DsCj of Gozag (D:8)
  2 thrashing horrors (Lair:5)
  Nergalle (Lair:3)
  A skyshark (Lair:4)
  A phantasmal warrior (D:14)
  4 orc knights (Orc:2)
  8 large abominations
  2 deep elf pyromancers
  3 cyclopes
  5 orc sorcerers
  2 manticores
  3 black mambas
  Joseph (D:10)
  9 elephants (Lair:5)
  An apocalypse crab (Abyss:2)
  Maurice (D:10)
  13 cane toads
  5 molten gargoyles (D:11)
  2 smoke demons
  A kobold demonologist (D:10)
  4 rime drakes
  An efreet (D:14)
  A freezing wraith (D:13)
  An ancient zyme (Lair:5)
  10 komodo dragons
  A queen bee (D:9)
  5 trolls
  A polar bear (Lair:4)
  A tarantella (shapeshifter) (Lair:5)
  2 hornets
  30 blink frogs
  12 slime creatures
  A centaur simulacrum (D:14)
  54 yaks
  7 spriggans
  4 shadows
  2 vampires
  Grum (D:10)
  2 wyverns (Lair:3)
  4 wraiths
  10 basilisks
  3 chaos spawn (Lair:5)
  A steam dragon (D:7)
  3 nagas (Lair:3)
  A swamp worm (shapeshifter) (Lair:5)
  15 water moccasins
  3 acid dragons
  A swamp drake (Lair:2)
  A sky beast (D:7)
  A black bear (shapeshifter) (Lair:5)
  2 ice beasts
  A black bear (D:7)
  19 orc warriors
  7 ogres
  15 wolves
  7 centaurs
  A phantom (D:4)
  6 kobold brigands
  10 bullfrogs
  3 gnoll sergeants
  13 small abominations
  A scorpion (D:6)
  35 killer bees
  2 electric eels
  6 howler monkeys
  A crimson imp (D:7)
  A quasit (Abyss:2)
  5 hounds
  15 orc priests
  A jelly (D:5)
  9 starcursed masses (Abyss:2)
  Ijyb (D:4)
  A sleepcap (D:4)
  3 iguanas
  23 orc wizards
  A sickly merfolk siren (Sewer)
  A hell rat (Lair:3)
  A malarious merfolk avatar (Sewer)
  A mummy (D:9)
  14 gnolls
  8 adders
  4 river rats (Sewer)
  3 white imps
  An ufetubus (D:7)
  5 worms
  63 orcs
  A bat (D:1)
  10 endoplasms
  5 giant cockroaches
  6 goblins
  5 hobgoblins
  2 jackals (D:2)
  29 kobolds
  4 quokkas
  9 ball pythons
  9 frilled lizards
  19 rats
  3 bushes (Lair:5)
  2 starspawn tentacles (Abyss:2)
680 creatures vanquished.

Vanquished Creatures (collateral kills)
  A large abomination (Abyss:2)
1 creature vanquished.

Vanquished Creatures (others)
  A large abomination (Abyss:2)
  An orc wizard (Orc:2)
  A white imp (Abyss:2)
  A bush (Lair:5)
  20 fungi
  32 plants
  2 starspawn tentacles (Abyss:2)
  6 withered plants (D:8)
64 creatures vanquished.

Grand Total: 745 creatures vanquished

Notes
Turn   | Place    | Note
-------+----------+-------------------------------------------
     0 | D:1      | jasper the Demonspawn Gladiator began the quest for the
                  | Orb.
     0 | D:1      | Reached XP level 1. HP: 16/16 MP: 1/1
    66 | D:1      | Reached skill level 3 in Axes
   768 | D:2      | Gained mutation: You regenerate magic rapidly. [demonic
                  | ancestry]
   768 | D:2      | Reached XP level 2. HP: 22/22 MP: 2/2
   844 | D:2      | Identified the +3 scale mail of the Desolation of Salt
                  | {rCorr}
   856 | D:2      | Found a radiant altar of Vehumet.
   930 | D:2      | Gained mutation: When seriously injured, your blood forms
                  | armour. (AC +9) [demonic ancestry]
   930 | D:2      | Reached XP level 3. HP: 24/27 MP: 3/3
  1080 | D:2      | Reached skill level 4 in Axes
  1787 | D:3      | Found a faded altar of an unknown god.
  2167 | D:3      | Reached XP level 4. HP: 19/33 MP: 4/4
  2292 | D:4      | Found a staircase to the Ecumenical Temple.
  2306 | Temple   | Entered the Ecumenical Temple
  2533 | D:4      | Noticed Ijyb
  2547 | D:4      | Reached skill level 5 in Axes
  2564 | D:4      | Killed Ijyb
  2565 | D:4      | Reached XP level 5. HP: 38/38 MP: 5/5
  2665 | D:4      | Found a glowing drain.
  2695 | Sewer    | Entered a sewer
  2832 | Sewer    | Reached skill level 6 in Axes
  2910 | Sewer    | Gained mutation: When hurt, damage is shared between your
                  | health and your magic reserves. [demonic ancestry]
  2910 | Sewer    | Reached XP level 6. HP: 44/44 MP: 6/6
  3408 | D:4      | Noticed a hornet
  3415 | D:5      | Entered Level 5 of the Dungeon
  3423 | D:5      | Identified the +3 long sword of Lanworie {flame, Dex+5}
  3609 | D:5      | Noticed an ice beast
  3627 | D:5      | Killed an ice beast
  3628 | D:5      | Reached skill level 7 in Axes
  4001 | D:5      | Reached XP level 7. HP: 50/50 MP: 7/7
  4115 | D:5      | Reached skill level 8 in Axes
  5138 | D:6      | Reached skill level 9 in Axes
  5138 | D:6      | Gained mutation: When seriously injured, your blood forms
                  | thick armour. (AC +9) [demonic ancestry]
  5138 | D:6      | Reached XP level 8. HP: 56/56 MP: 8/8
  5253 | D:6      | Reached skill level 1 in Armour
  5329 | D:6      | Found a shadowy altar of Dithmenos.
  6264 | D:4      | Paralysed by a hornet for 2 turns
  6270 | D:4      | Killed a hornet
  6330 | D:4      | Reached skill level 10 in Axes
  6375 | Temple   | Became a worshipper of Trog the Wrathful
  6683 | D:4      | Found a sacrificial altar of Ru.
  6852 | D:7      | Gained mutation: Your touch may inflict minor irresistible
                  | damage on your foes. [demonic ancestry]
  6852 | D:7      | Reached XP level 9. HP: 53/65 MP: 6/9
  7091 | D:7      | Noticed a two-headed ogre
  7096 | D:7      | Killed a two-headed ogre
  7114 | D:7      | Reached skill level 5 in Fighting
  7323 | D:7      | Identified the +4 quarterstaff of Doom {pain, Stlth+}
  7418 | D:7      | Found an ancient bone altar of Kikubaaqudgha.
  7564 | D:8      | Found a runed translucent gate.
  7564 | D:8      | Found a runed translucent gate.
  7565 | D:8      | Found a runed translucent gate.
  7569 | D:8      | Noticed Lobster4's ghost (journeyman MiHu)
  7569 | D:8      | Noticed domi's ghost (novice DsCj)
  7588 | D:8      | Found a staircase to the Lair.
  7628 | D:8      | Reached skill level 12 in Axes
  7628 | D:8      | Gained mutation: Your touch may inflict irresistible damage
                  | on your foes. [demonic ancestry]
  7628 | D:8      | Reached XP level 10. HP: 79/79 MP: 10/10
  7667 | D:8      | Found a broken altar of Ashenzari.
  7996 | D:8      | Noticed a two-headed ogre
  8010 | D:8      | Killed a two-headed ogre
  8175 | D:8      | Reached skill level 13 in Axes
  8251 | D:8      | Noticed a two-headed ogre
  8258 | D:8      | Killed a two-headed ogre
  8464 | D:9      | Found a staircase to the Orcish Mines.
  8539 | D:9      | Gained mutation: You may rarely emit foul miasma when
                  | damaged in melee. [demonic ancestry]
  8539 | D:9      | Reached XP level 11. HP: 79/86 MP: 11/11
  8629 | D:9      | Reached * piety under Trog
  8799 | D:9      | Found a snail-covered altar of Cheibriados.
  8920 | D:9      | Noticed a two-headed ogre
  8936 | D:9      | Killed a two-headed ogre
  9209 | D:9      | Found an iron altar of Okawaru.
  9972 | D:10     | Entered Level 10 of the Dungeon
  9990 | D:10     | Noticed Grum
  9996 | D:10     | Reached ** piety under Trog
 10003 | D:10     | Killed Grum
 10283 | D:10     | Reached skill level 14 in Axes
 10407 | D:10     | Noticed Joseph
 10411 | D:10     | Paralysed by Joseph for 3 turns
 10419 | D:10     | Paralysed by Joseph for 3 turns
 10423 | D:10     | Killed Joseph
 10501 | D:10     | Noticed Maurice
 10530 | D:10     | Killed Maurice
 10699 | D:10     | Reached *** piety under Trog
 10771 | D:10     | Found an ornate altar of the Wu Jian Council.
 11247 | D:11     | Noticed Harold
 11273 | D:10     | Killed Harold
 11274 | D:10     | Reached XP level 12. HP: 95/95 MP: 12/12
 12117 | D:11     | Reached skill level 15 in Axes
 12965 | Lair:1   | Entered Level 1 of the Lair of Beasts
 13127 | Lair:1   | Reached skill level 10 in Fighting
 13197 | Lair:1   | Reached **** piety under Trog
 13228 | Lair:1   | You fall into a shaft and drop 1 floor!
 13932 | Lair:1   | Noticed a death yak
 13932 | Lair:1   | Noticed a death yak
 14023 | Lair:1   | Noticed a death yak
 14023 | Lair:1   | Noticed a death yak
 14039 | Lair:1   | Noticed a death yak
 14040 | Lair:1   | Killed a death yak
 14040 | Lair:1   | Noticed a death yak
 14070 | Lair:1   | Killed a death yak
 14075 | Lair:1   | Killed a death yak
 14078 | Lair:1   | Killed a death yak
 14081 | Lair:1   | Killed a death yak
 14086 | Lair:1   | Killed a death yak
 14087 | Lair:1   | Reached XP level 13. HP: 50/104 MP: 7/13
 14876 | Lair:2   | Noticed Erica
 14911 | Lair:2   | Killed Erica
 14958 | Lair:2   | Reached skill level 1 in Evocations
 15145 | Lair:2   | Found a staircase to the Swamp.
 15711 | Lair:3   | Noticed Nergalle
 15714 | Lair:3   | Found a transporter.
 15724 | Lair:3   | Killed Nergalle
 16018 | Lair:3   | Reached skill level 5 in Evocations
 16417 | Lair:3   | Found a transporter.
 16421 | Lair:3   | Noticed Juicyj's ghost (journeyman MiFi)
 16473 | Lair:3   | Reached skill level 16 in Axes
 16662 | Lair:3   | Found the +6 arbalest "Damnation" {damnation}
 16745 | Lair:3   | Found a staircase to the Snake Pit.
 17237 | Lair:3   | Reached ***** piety under Trog
 17250 | Lair:3   | Reached skill level 10 in Armour
 17595 | Lair:4   | Found a viscous altar of Jiyva.
 17595 | Lair:4   | Found a staircase to the Slime Pits.
 18319 | Lair:4   | Gained mutation: You sometimes emit foul miasma when
                  | damaged in melee. [demonic ancestry]
 18319 | Lair:4   | Reached XP level 14. HP: 81/113 MP: 11/14
 18922 | Orc:1    | Entered Level 1 of the Orcish Mines
 19109 | Orc:1    | Paralysed by an orc sorcerer for 2 turns
 19115 | Orc:1    | Paralysed by an orc sorcerer for 3 turns
 19518 | Orc:2    | Entered Level 2 of the Orcish Mines
 19911 | Orc:2    | Reached skill level 17 in Axes
 20027 | Orc:2    | Identified the +1 battleaxe of Tender Mercy {heavy, rElec
                  | rF+++ Int-4} (Trog gifted it to you on level 2 of the
                  | Orcish Mines)
 20027 | Orc:2    | Received a gift from Trog
 20063 | Orc:2    | Found a shimmering altar of Xom.
 20107 | Orc:2    | Found a staircase to the Elven Halls.
 20253 | Orc:2    | Found Diuviott's Magic Scroll Emporium.
 20891 | Orc:2    | Found Hyb Utes's Antique Weapon Emporium.
 20894 | Orc:2    | Found Giuruc's Armour Shop.
 20894 | Orc:2    | Found Ymesset's Armour Shop.
 20907 | Orc:2    | Bought a scroll of fog for 68 gold pieces
 20907 | Orc:2    | Bought a scroll of immolation for 68 gold pieces
 20932 | Orc:2    | Bought a +4 plate armour of fire resistance for 700 gold
                  | pieces
 21110 | Lair:5   | Entered Level 5 of the Lair of Beasts
 22506 | Lair:5   | Reached skill level 18 in Axes
 22580 | Lair:5   | Received a gift from Trog
 22792 | Lair:5   | Found a corrupted altar of Lugonu.
 22792 | Lair:5   | Found a one-way gate to the infinite horrors of the Abyss.
 23571 | D:8      | Killed Lobster4's ghost
 23572 | D:8      | Reached XP level 15. HP: 122/122 MP: 13/15
 23572 | D:8      | Killed domi's ghost
 25464 | D:13     | Found a gate to the Vaults.
 26094 | Abyss:2  | Cast into level 2 of the Abyss (a wizard)
 26268 | Abyss:2  | Noticed an Executioner
 26273 | Abyss:2  | Killed an Executioner
 26450 | Abyss:2  | Noticed a tentacled starspawn
 26467 | Abyss:2  | Killed a tentacled starspawn
 26510 | Abyss:2  | Mangled by a juggernaut simulacrum

Illustrated notes

Levels and vault maps discovered:
D:1:      minmay_arrival_statue_studded, layout_loops_ring
D:2:      layout_rooms, basic_altar, grunt_ministairs_2
D:3:      layout_loops_ring, shapermc_ecumenical_altar_pompeii,
          kennysheep_crisscross
D:4:      layout_basic, mainiacjoe_overflow_concentric_impassable,
          minmay_temple_entry_mist, cheibrodos_sewer_entry_bend,
          kennysheep_generic_room_4, uniq_ijyb
D:5:      layout_layer_cave, minmay_misc_feat_roman
D:6:      layout_basic, lemuel_coloured_pillars_altar
D:7:      layout_gridville, kiku_gazebo_pond_becter, minmay_fire_ice_demons
D:8:      layout_basic, nicolae_overflow_hidden_temple, lemuel_doored_altar,
          lair_entry_dummy, gammafunk_ghost_cemetery
D:9:      layout_loops_ring, okawaru_gym_becter, slow_altar_1, orc_0_dummy,
          special_room [special_room_bee], minmay_fractal_squares_diagonal_5
D:10:     layout_irregular_city, nicolae_wu_jian_wuxing_cycle, uniq_grum,
          uniq_joseph, uniq_maurice
D:11:     argonaut_augean_stables, layout_loops_corners, minivault_8,
          uniq_harold
D:12:     layout_basic
D:13:     layout_gridville, david_vaults_1
D:14:     layout_basic, dreamdust_princess_corridor
Temple:   nicolae_temple_bog_church
Lair:1:   layout_long_grid, grunt_megastairs_4, infiniplex_staircase_pool_2,
          serial_bayou_shore_b, lemuel_fruit_tree
Lair:2:   layout_cellular_growth, minmay_swamp_entry_reptiles, wad_woods_01,
          lemuel_fruit_fields, uniq_erica
Lair:3:   nzn_winding_woodlands_cross [nzn_winding_woodlands_5x15_longhouse,
          nzn_winding_woodlands_5x15_zeroes, nzn_winding_woodlands_5x15_parted,
          nzn_winding_woodlands_5x15_concentric,
          nzn_winding_woodlands_15x15_eel_pit], layout_cave_pods,
          nicolae_snake_entry_squirm, gammafunk_ghost_berserking_beasts,
          grunt_forest_large_clearing_hut, uniq_nergalle
Lair:4:   layout_hall_layers, slime_entry_1
Lair:5:   hellmonk_lair_end_abyssal_woods, layout_hall_layers,
          minmay_hedge_maze, nicolae_lair_lil_pond
Orc:1:    layout_caves
Orc:2:    st_orc_elflike, layout_diamond_mine, lemuel_statue_altar
Abyss:2:  base: D:6, spicy_abyss_pitcher_plant, evilmike_abyss_exit_chaos

Skill      XL: |  1  2  3  4  5  6  7  8  9 10 11 12 13 14 15 |
---------------+----------------------------------------------+-----
Axes           | 3 4 5 6 7 9 10 12 13 14 15 16 18 | 18.7
Armour         | 3 6 8 9 10 11 12 | 12.1
Fighting       | 4 7 9 10 11 12 13 | 13.3
Evocations     | 6 |  6.0
Throwing       | |  1.7
Dodging        | |  2.6

Action                     |  1- 3 |  4- 6 |  7- 9 | 10-12 | 13-15 || total
---------------------------+-------+-------+-------+-------+-------++-------
  Melee: War axe           |   101 |   216 |   223 |   144 |       ||   684
         Punch             |     1 |     2 |     5 |       |     1 ||     9
         Touch             |       |       |     4 |    31 |     5 ||    40
         Battleaxe         |       |       |       |   340 |   779 ||  1119
         Flail             |       |       |       |       |    23 ||    23
  Throw: Stone             |    18 |     5 |     1 |       |       ||    24
         Throwing net      |     1 |     2 |       |       |       ||     3
         Dart              |       |       |    29 |    23 |   122 ||   174
 Invoke: Berserk           |       |       |       |     3 |     9 ||    12
         Trog's Hand       |       |       |       |     2 |    10 ||    12
         Brothers in Arms  |       |       |       |       |     1 ||     1
  Evoke: Wand              |       |     5 |    13 |    12 |    18 ||    48
    Use: Scroll            |    11 |       |     8 |     4 |     6 ||    29
         Potion            |       |       |     2 |     6 |     3 ||    11
   Stab: Held in net/web   |     1 |       |       |       |       ||     1
         Paralysed         |       |     5 |     8 |       |       ||    13
         Distracted        |       |       |       |       |     1 ||     1
 Armour: Scale mail        |    45 |   105 |   184 |   437 |   306 ||  1077
         Leather armour    |     1 |       |       |       |       ||     1
         Plate armour      |       |       |       |       |   358 ||   358
  Dodge: Dodged            |    50 |    85 |   121 |   382 |   609 ||  1247

Table legend: (Time is in decaauts)
 A = Elapsed time spent in this place.
 B = Non-inter-level travel time spent in this place.
 C = Inter-level travel time spent in this place.
 D = Time resting spent in this place.
 E = Time spent auto-exploring this place.
 F = Levels seen in this place.
 G = Mean time per level.
                   A        B        C        D        E       F      G
               +--------+--------+--------+--------+--------+-----+--------+
         Total |  27257 |  25626 |   1631 |   2116 |  17895 |  24 | 1135.7 |
       Dungeon |  15013 |  13989 |   1024 |   1117 |  10040 |  14 | 1072.4 |
        Temple |    227 |    177 |     50 |      0 |    164 |   1 |  227.0 |
          Lair |   8716 |   8253 |    463 |    322 |   6124 |   5 | 1743.2 |
  Orcish Mines |   2162 |   2069 |     93 |    405 |   1154 |   2 | 1081.0 |
         Abyss |    456 |    456 |      0 |     58 |    226 |   1 |  456.0 |
         Sewer |    680 |    680 |      0 |    212 |    185 |   1 |  680.0 |
               +--------+--------+--------+--------+--------+-----+--------+

Top non-repeatable levels by time:
  Lair:5: 2415 daAuts
  Lair:3: 2133 daAuts
  Lair:1: 1745 daAuts
     D:5: 1737 daAuts
    D:11: 1661 daAuts
     D:9: 1620 daAuts
    D:10: 1398 daAuts
   Orc:2: 1350 daAuts
  Lair:4: 1289 daAuts
    D:13: 1247 daAuts
     D:6: 1212 daAuts
    D:12: 1171 daAuts
  Lair:2: 1133 daAuts
     D:8: 1072 daAuts
     D:4: 882 daAuts
